 Dungeon Crawl Stone Soup version 0.28.0-47-ge53b351184 (webtiles) character file.

Game seed: 13665332379456041121

120 joshe the Grave Robber (level 4, -5/30 HPs)
             Began as a Demonspawn Necromancer on May 8, 2022.
             Killed by divine providence
             ... invoked by an orc priest
              (15 damage)
             ... on level 3 of the Dungeon.
             The game lasted 00:12:59 (2979 turns).

joshe the Grave Robber (Demonspawn Necromancer)     Turns: 2979, Time: 00:12:59

Health: -5/30      AC:  2    Str: 11    XL:     4   Next: 75%
Magic:  3/8        EV: 12    Int: 16    God:
Gold:   137        SH:  0    Dex: 13    Spells: 5/9 levels left

rFire   . . .      SeeInvis .   i - +0 war axe
rCold   . . .      Faith    .   (no shield)
rNeg    . . .      Spirit   .   a - +0 robe
rPois   .          Reflect  .   (helmet restricted)
rElec   .          Harm     .   (no cloak)
rCorr   .          Rampage  .   (no gloves)
Will    .....                   (no boots)
Stlth   ++........              (no amulet)
HPRegen 0.10/turn               (no ring)
MPRegen 0.11/turn               (no ring)

@: no status effects
A: horns 1, foul stench 1
a: no special abilities


You were on level 3 of the Dungeon.
You visited 1 branch of the dungeon, and saw 3 of its levels.

You collected 137 gold pieces.

Inventory:

Hand Weapons
 i - a +0 war axe (weapon)
Armour
 a - a +0 robe (worn)
 h - a +0 leather armour
Jewellery
 g - a ring of ice
Scrolls
 c - 2 scrolls of enchant armour {unknown}
 d - a scroll of teleportation {unknown}
 e - a scroll of magic mapping {unknown}


   Skills:
 - Level 2.0 Dodging
 - Level 2.0 Stealth
 - Level 3.0 Spellcasting
 + Level 6.0 Necromancy


You had 5 spell levels left.
You knew the following spells:

 Your Spells              Type           Power      Damage    Failure   Level
a - Pain                  Necr           84%        1d8       1%          1
b - Vampiric Draining     Necr           21%        2d7       4%          3

Your spell library contained the following spells:

 Spells                   Type           Power      Damage    Failure   Level
 Animate Skeleton         Necr           42%        N/A       1%          1
 Animate Dead             Necr           10%        N/A       16%         4
 Agony                    Necr           21%        N/A       41%         5
 Iskenderun's Battlesphe  Conj           2%         2d6       99%         5
 Iron Shot                Conj/Erth      1%         9d1       100%        6
 Spellforged Servitor     Conj/Summ      1%         N/A       100%        7


Dungeon Overview and Level Annotations

Branches:
Dungeon (3/15)

Altars:


Innate Abilities, Weirdness & Mutations

You have a pair of small horns on your head.
You may rarely emit foul miasma when damaged in melee.


Message History

Aiming: Pain (safe; 1% risk of failure)
Press: ? - help, Shift-Dir - straight line, f - orc priest
Aim: an orc priest, wielding a +0 club and wearing a +0 leather armour (chance to affect: 80%)
The orc priest writhes in agony!
The orc priest calls down the wrath of Beogh upon you.
Beogh smites you!
Casting: Pain (safe; 1% risk of failure)
Confirm with . or Enter, or press ? or * to list all spells.
Aiming: Pain (safe; 1% risk of failure)
Press: ? - help, Shift-Dir - straight line, f/p - orc priest
Aim: an orc priest, wielding a +0 club and wearing a +0 leather armour (heavily wounded, chance to affect: 80%)
The orc priest barely resists.
The orc priest casts a cantrip, but nothing happens.
Unknown command.
Casting: Pain (safe; 1% risk of failure)
Confirm with . or Enter, or press ? or * to list all spells.
Aiming: Pain (safe; 1% risk of failure)
Press: ? - help, Shift-Dir - straight line, f/p - orc priest
Aim: an orc priest, wielding a +0 club and wearing a +0 leather armour (heavily wounded, chance to affect: 80%)
The orc priest writhes in agony.
The orc priest hits the bush but does no damage.
Unknown command.
Casting: Pain (safe; 1% risk of failure)
Confirm with . or Enter, or press ? or * to list all spells.
Aiming: Pain (safe; 1% risk of failure)
Press: ? - help, Shift-Dir - straight line, f/p - orc priest
Aim: an orc priest, wielding a +0 club and wearing a +0 leather armour (severely wounded, chance to affect: 80%)
The orc priest writhes in agony.
The orc priest calls down the wrath of Beogh upon you.
Pain shoots through your body!
Casting: Pain (safe; 1% risk of failure)
Confirm with . or Enter, or press ? or * to list all spells.
Aiming: Pain (safe; 1% risk of failure)
Press: ? - help, Shift-Dir - straight line, f/p - orc priest
Aim: an orc priest, wielding a +0 club and wearing a +0 leather armour (severely wounded, chance to affect: 80%)
The orc priest writhes in agony.
The orc priest calls down the wrath of Beogh upon you.
Beogh smites you!
Ouch! That really hurt!
You die...
PPPPPPPP P ....P.. .P PPP.P.P.PPP.P ...P...P...P P..PP†PPPPP .+P P...P..)..P# ..P.PPPPP.PPPPP## ....P(.@........# ##P.P.PPP.P)PPP.# PoP...P.P)..P.# PPPPPPPPP)PPP.#

#.#..#...#[.#
#.#..#.#...##
#)#..#.#.###
#.#.<#.#.#
#.#.##.#.#


You could see an orc priest.

Vanquished Creatures
  An orc priest (D:3)
  An orc wizard (D:3)
  An adder (D:2)
  A worm (D:2)
  A dart slug (D:2)
  2 orcs (D:3)
  6 ball pythons
  5 endoplasms
  A giant cockroach (D:2)
  2 hobgoblins (D:1)
  4 jackals (D:2)
  A quokka (D:2)
  6 bats
  2 frilled lizards (D:2)
  7 goblins
  2 kobolds
  9 rats
52 creatures vanquished.

Vanquished Creatures (others)
  A bush (D:3)
1 creature vanquished.

Grand Total: 53 creatures vanquished

Notes
Turn   | Place    | Note
-------+----------+-------------------------------------------
     0 | D:1      | joshe the Demonspawn Necromancer began the quest for the
                  | Orb.
     0 | D:1      | Reached XP level 1. HP: 13/13 MP: 3/3
   131 | D:1      | Found a faded altar of an unknown god.
   406 | D:1      | Gained mutation: You may rarely emit foul miasma when
                  | damaged in melee. [demonic ancestry]
   406 | D:1      | Reached XP level 2. HP: 13/19 MP: 0/5
   636 | D:1      | Reached skill level 5 in Necromancy
  1352 | D:2      | Reached XP level 3. HP: 15/24 MP: 2/6
  1630 | D:2      | Learned a level 3 spell: Vampiric Draining
  2792 | D:3      | Reached skill level 6 in Necromancy
  2792 | D:3      | Gained mutation: You have a pair of small horns on your
                  | head. [demonic ancestry]
  2792 | D:3      | Reached XP level 4. HP: 8/30 MP: 0/7
  2979 | D:3      | Killed from afar by an orc priest

Illustrated notes

Levels and vault maps discovered:
D:1:      kilobyte_arrival_exit_the_forest, layout_rooms,
          chequers_ecumenical_altar_simple_redux
D:2:      layout_loops_ring, nicolae_figureground_pulse
D:3:      layout_basic, portal_sewer_entry_d, minmay_hedge_maze

Skill      XL: |  1  2  3  4 |
---------------+-------------+-----
Stealth        | 2 |  2.0
Necromancy     | 5 6 |  6.0
Dodging        | 2 |  2.0
Spellcasting   | 3 |  3.0

Action                   |  1- 3 |  4- 6 || total
-------------------------+-------+-------++-------
Melee: War axe           |    17 |       ||    17
       Dagger            |     2 |       ||     2
 Cast: Pain              |    80 |    15 ||    95
  Use: Potion            |       |     2 ||     2
Armor: Robe              |     3 |     1 ||     4
Dodge: Dodged            |     9 |     1 ||    10
